AoeStats
← A Casa Gordito

Arena

509897526Analyzed
4v4 RM · 4d ago on Sep 28, 2026· 38m 42s· 8 players
Game mode
Random Map
Map size
Large (8 player)
Population
200
Speed
Normal
Resources
Standard
Victory
Conquest
Starting age
Dark Age
Ending age
Imperial Age
RankedLock teamsTeams togetherTeam positionsShared explorationLock speedFull tech treeHidden civsTurbo modeCheats
Victory
Defeat
🇺🇾 Khmer · Uruguay
1081
+13
🇷🇺 Varangians · Russia
1051
+13
🇺🇾 Lithuanians · Uruguay
1049
+14
🇺🇾 Italians · Uruguay
1049
+14
🇨🇳 Lithuanians · China
1022
-14
🇨🇳 Khmer · China
1020
-14
🇨🇳 Franks · China
995
-13
🇨🇳 Britons · China
990
-13
Ken
10:33 Feudal Age
14:51 Castle Age
13:17 Double-Bit Axe
13:52 Horse Collar
16:02 Bow Saw
16:23 Heavy Plow
17:56 Loom
20:10 Treadmill Crane
23:58 Wheelbarrow
28:44 Imperial Age
26:18 Gold Mining
27:35 Scale Barding Armor
27:41 Forging
29:01 Hand Cart
28:52 Husbandry
29:06 Bloodlines
29:20 Stone Mining
29:42 Forging
29:25 Cavalier
33:19 Stone Shaft Mining
33:15 Chain Barding Armor
33:31 Iron Casting
33:19 Ballistics
33:59 Chemistry
32:55 Murder Holes
33:30 Conscription
34:47 Plate Barding Armor
34:13 Scale Mail Armor
34:14 Padded Archer Armor
34:05 Fletching
35:52 Tower Shields
36:57 Paladin
38:12 Chain Mail Armor
38:13 Leather Archer Armor
38:08 Elite Skirmisher
38:55 Bodkin Arrow
lingluo
0:27 Loom
11:09 Feudal Age
14:34 Castle Age
14:58 Double-Bit Axe
14:56 Horse Collar
15:53 Wheelbarrow
16:14 Bow Saw
22:48 Gold Mining
23:01 Heavy Plow
24:24 Gold Shaft Mining
25:18 Stone Mining
28:51 Imperial Age
26:51 Hand Cart
27:44 Town Watch
29:40 Stone Shaft Mining
29:34 Bloodlines
29:24 Husbandry
30:20 Crop Rotation
30:10 Scale Barding Armor
29:27 Light Cavalry
30:35 Conscription
31:23 Chain Barding Armor
31:06 Double Crossbow
31:28 Ballistics
31:26 Hussar
32:23 Forging
33:34 Plate Barding Armor
34:29 Chemistry
34:07 Iron Casting
34:12 Elite Ballista Elephant
36:46 Blast Furnace
小鱼儿
0:43 Loom
11:40 Feudal Age
12:21 Double-Bit Axe
17:17 Castle Age
16:16 Gold Mining
28:05 Bow Saw
31:54 Imperial Age
31:08 Forging
31:04 Scale Barding Armor
31:35 Husbandry
32:07 Cavalier
33:24 Iron Casting
33:09 Chain Barding Armor
33:02 Chivalry
33:26 Conscription
34:34 Paladin
36:29 Wheelbarrow
35:39 Town Watch
36:52 Plate Barding Armor
37:24 Blast Furnace
76561198871940730
10:07 Feudal Age
11:29 Double-Bit Axe
13:59 Loom
14:49 Wheelbarrow
14:43 Gold Mining
14:43 Stone Mining
17:47 Horse Collar
21:02 Castle Age
22:11 Bow Saw
22:03 Heavy Plow
Vincun
11:05 Feudal Age
15:22 Castle Age
19:25 Loom
22:05 Horse Collar
23:58 Double-Bit Axe
24:15 Heavy Plow
25:52 Gold Mining
25:54 Stone Mining
28:50 Wheelbarrow
29:15 Husbandry
29:26 Bloodlines
31:50 Imperial Age
29:47 Hand Cart
29:53 Bow Saw
30:32 Stone Shaft Mining
32:51 Conscription
32:10 Cavalier
33:07 Scale Barding Armor
32:54 Fletching
33:14 Forging
A Casa Gordito
11:01 Feudal Age
14:56 Castle Age
13:04 Double-Bit Axe
13:02 Horse Collar
18:46 Bow Saw
19:56 Heavy Plow
19:49 Gold Mining
20:41 Wheelbarrow
23:38 Gold Shaft Mining
23:29 Hand Cart
24:57 Gold Shaft Mining
26:09 Stone Mining
27:33 Stone Shaft Mining
30:28 Imperial Age
28:23 Loom
28:23 Town Watch
31:08 Ballistics
31:41 Devotion
32:15 Crop Rotation
32:53 Chemistry
31:59 Siege Engineers
32:19 Masonry
32:08 Murder Holes
32:43 Town Patrol
32:57 Bloodlines
32:47 Husbandry
33:15 Conscription
33:02 Double Crossbow
32:26 Elite Ballista Elephant
35:13 Scale Barding Armor
36:31 Chain Barding Armor
37:58 Plate Barding Armor
Danubio Futbol Club
10:36 Feudal Age
14:40 Castle Age
14:01 Horse Collar
14:06 Double-Bit Axe
16:45 Bow Saw
17:20 Loom
23:20 Gold Mining
23:20 Stone Mining
23:53 Heavy Plow
25:25 Wheelbarrow
24:54 Town Watch
25:37 Fletching
25:48 Padded Archer Armor
29:18 Imperial Age
27:12 Thumb Ring
29:20 Ballistics
29:03 Bodkin Arrow
29:23 Leather Archer Armor
29:14 Stone Mining
31:00 Chemistry
30:12 Pirotechnia
30:25 Conscription
30:09 Bracer
30:10 Elite Genoese Crossbowman
31:55 Ring Archer Armor
33:16 Town Patrol
AmbassadorKaifa
12:37 Feudal Age
12:32 Loom
16:07 Castle Age
14:02 Gold Mining
14:29 Horse Collar
15:48 Double-Bit Axe
17:53 Wheelbarrow
26:11 Husbandry
28:26 Bloodlines
28:24 Scale Barding Armor
29:39 Bow Saw
29:31 Heavy Plow
34:06 Imperial Age
31:34 Stone Mining
32:19 Hand Cart
31:51 Town Watch
32:30 Forging
32:43 Squires
32:04 Pikeman
33:25 Stone Shaft Mining
32:34 Light Cavalry
33:18 Scale Mail Armor
33:42 Arson
33:45 Gambesons
34:21 Halberdier
34:21 Elite Varangian Guard
35:46 Iron Casting
37:27 Two-Man Saw
35:50 Hussar
37:34 Blast Furnace
Connection lost

Rejoining the realm…

Still unreachable

The connection could not be restored.

Session expired

The server has moved on; the page needs a fresh start.